 Dungeon Crawl Stone Soup version 0.23.2-1-ga50397a (webtiles) character file.

Game seed: 9592522228431669491

10383 troglodite the Carver (level 11, -7/129 HPs)
             Began as a Demonspawn Berserker on Apr 22, 2019.
             Was a High Priest of Trog.
             Mangled by a two-headed ogre
             ... wielding a +0 giant club
              (14 damage)
             ... on level 1 of the Orcish Mines on Apr 24, 2019.
             The game lasted 00:39:42 (14641 turns).

troglodite the Carver (Demonspawn Berserker)       Turns: 14641, Time: 00:39:43

Health: -7/129     AC: 25    Str: 17    XL:     11   Next: 35%
Magic:  11/11      EV:  2    Int:  9    God:    Trog [*****.]
Gold:   751        SH: 18    Dex: 16    Spells: 10/10 levels left

rFire    . . .     SeeInvis .   a - +0 falchion
rCold    . . .     Gourm    .   E - +0 large shield
rNeg     + + +     Faith    .   (armour currently unavailable)
rPois    +         Spirit   .   (helmet currently unavailable)
rElec    .         Reflect  +   (cloak currently unavailable)
rCorr    .         Harm     .   (gloves currently unavailable)
MR       .....     NoTele   +   (boots currently unavailable)
Stlth    ++........             I - +3 amulet of reflection
HPRegen  0.31/turn              e - ring of poison resistance
MPRegen  0.12/turn              (no ring)

@: tree-form, berserk cooldown, slowed, very slow
A: demonic guardian 1
a: Berserk, Trog's Hand, Brothers in Arms, Renounce Religion


You were on level 1 of the Orcish Mines.
You worshipped Trog.
Trog was extremely pleased with you.
You were very hungry.
You were a tree.
You visited 2 branches of the dungeon, and saw 13 of its levels.

You collected 751 gold pieces.

Inventory:

Hand Weapons
 a - a +0 falchion (weapon)
Armour
 p - a +0 pair of gloves (melded)
 u - the +2 ring mail of the Inquisitive Lies (melded) {rC+}
   (You took it off an orc on level 4 of the Dungeon)

   It protects you from cold.
 w - a +0 cloak (melded)
 E - a +0 large shield (worn)
Jewellery
 e - a ring of poison resistance (left branch)
 I - a +3 amulet of reflection (around neck)
Wands
 j - a wand of random effects (43)
 m - a wand of paralysis (14)
 t - a wand of acid (17)
 y - a wand of clouds (4)
Scrolls
 d - a scroll of acquirement {unknown}
 g - 9 scrolls of teleportation
 k - a scroll of enchant armour {unknown}
 o - a scroll of fog {unknown}
 q - 3 scrolls of blinking {unknown}
 x - 2 scrolls of vulnerability {unknown}
 z - a scroll of random uselessness {unknown}
 A - 4 scrolls of magic mapping
 D - 2 scrolls of enchant weapon {unknown}
 F - 4 scrolls of remove curse
 G - a scroll of fear {unknown}
 J - a scroll of identify
 K - 2 scrolls of amnesia {unknown}
Potions
 b - 3 potions of might
 f - a potion of lignification
 h - a potion of degeneration {unknown}
 i - 4 potions of brilliance
 l - a potion of berserk rage
 n - a potion of resistance
 r - a potion of cancellation {unknown}
 s - 2 potions of agility
 v - 4 potions of flight
 B - a potion of heal wounds {unknown}
 C - 2 potions of mutation
 H - a potion of curing
 L - 2 potions of magic {unknown}
Comestibles
 c - 17 rations
 M - 9 chunks of flesh


   Skills:
 * Level 8.0 Fighting
 + Level 8.4 Long Blades
   Level 0.2 Staves
 * Level 7.9 Armour
 * Level 7.0 Dodging
 - Level 1.2 Stealth
 * Level 7.4 Shields


You had 10 spell levels left.
You didn't know any spells.
Your spell library was empty.

Dungeon Overview and Level Annotations

Branches:
Dungeon (11/15)            Temple (0/1) D:7            Lair (0/6) D:9
    Orc (2/2) D:10            Elf (0/3) Orc:2

Altars:
Ashenzari
Hepliaklqana
Kikubaaqudgha
Makhleb
Nemelex Xobeh
Qazlal
Wu Jian
Xom
Zin
Beogh

Shops:
Orc:1 :   Orc:2 !

Portals:
Ice
Cave: Orc:2


Innate Abilities, Weirdness & Mutations

((You have a pair of antennae on your head.))
((You are partially covered in icy blue scales. (AC +2)))
A weak demonic guardian rushes to your aid.
((Your flesh is heat resistant. (rF+)))


Message History

You block the two-headed ogre's attack. x2; The two-headed ogre misses you.
Your iron imp hits the two-headed ogre.
Unknown command.
You hit the two-headed ogre.
The two-headed ogre is moderately wounded.
You block the two-headed ogre's attack.
The two-headed ogre hits you but does no damage.
The two-headed ogre hits you with a +0 giant club!
* * * LOW HITPOINT WARNING * * *
The two-headed ogre hits you but does no damage.
Your iron imp hits the two-headed ogre!
The two-headed ogre hits you with a +0 giant club!
* * * LOW HITPOINT WARNING * * *
You block the two-headed ogre's attack.
You turn into a tree.
Your +0 cloak melds into your body.
Your +0 pair of gloves melds into your body.
The +2 ring mail of the Inquisitive Lies {rC+} melds into your body.
Your roots penetrate the ground.
You block the two-headed ogre's attack.
The two-headed ogre hits you with a +0 giant spiked club!
You die...

#..÷.)#.##.......#####..
#.##.....##.......##....
####.....#.......###....
#....................#
##.##........##.....##
####.....#.##.)...###
#.5...###<..).....#
#####.O#........[......
##.#...♣##.....[[..[....
##.....#O#.........##....
#.....#...#.......####...
##.......#.........#.....
##.#....#...............
###..........#.........
##.#.∩.....###.#.....##
#.......#..# #.#.....##
##.##...#### ####.....#


You could see 2 two-headed ogres and a friendly iron imp.

Vanquished Creatures
  Snorg (D:11)
  A two-headed ogre (Orc:2)
  Pikel (D:6)
  A deep elf mage (D:10)
  A centaur zombie (D:10)
  Psyche (D:9)
  A slime creature (D:10)
  Prince Ribbit (D:9)
  A hippogriff (D:10)
  2 yaks (D:9)
  2 steam dragons (D:8)
  A hungry ghost (D:9)
  7 soldier ants
  6 orc warriors
  2 ice beasts (D:10)
  A slave (D:6)
  A black bear (D:9)
  2 sky beasts
  2 eyes of draining
  An ogre (D:10)
  A phantom (D:10)
  2 centaurs
  Blork the orc (D:4)
  6 bullfrogs
  A big kobold (D:8)
  5 scorpions
  3 killer bees (D:8)
  5 howler monkeys (D:10)
  3 crimson imps
  A quasit (D:8)
  4 jellies
  4 hounds
  Crazy Yiuf (D:6)
  4 orc priests
  A bullfrog skeleton (D:5)
  22 worker ants
  6 iguanas
  8 orc wizards
  A hound skeleton (D:4)
  A mummy (D:7)
  2 worker ant zombies
  A gnoll (D:1)
  7 adders
  4 shadow imps
  2 white imps (Orc:2)
  3 oozes
  2 worms
  2 dart slugs
  6 leopard geckos
  44 orcs
  5 giant cockroaches
  7 goblins
  5 hobgoblins
  15 jackals
  A quokka (D:4)
  5 ball pythons
  9 bats
  6 frilled lizards
  2 hobgoblin zombies (D:7)
  8 kobolds
  2 kobold zombies (D:7)
  A leopard gecko skeleton (D:5)
  A quokka skeleton (D:2)
  5 rats
261 creatures vanquished.

Vanquished Creatures (collateral kills)
  A queen ant (D:10)
  The ghost of bmj180 the Cleaver, a novice MiFi (D:6)
  A hornet (D:10)
  2 yaks (D:9)
  A hungry ghost (D:10)
  2 soldier ants (D:10)
  A slave (D:6)
  A black bear (D:8)
  A centaur (D:8)
  2 ogres
  A scorpion (D:5)
  A killer bee (D:8)
  5 orc priests
  An iguana (D:8)
  2 worker ants
  A white imp (Orc:2)
  5 orcs
  A leopard gecko zombie (D:6)
30 creatures vanquished.

Vanquished Creatures (others)
  A centaur (D:10)
  A white imp (Orc:2)
  A fungus (D:8)
3 creatures vanquished.

Grand Total: 294 creatures vanquished

Notes
Turn   | Place    | Note
-------+----------+-------------------------------------------
     0 | D:1      | troglodite the Demonspawn Berserker began the quest for the
                  | Orb.
     0 | D:1      | Reached XP level 1. HP: 18/18 MP: 1/1
    96 | D:1      | Gained mutation: A weak demonic guardian rushes to your
                  | aid. [demonic ancestry]
    96 | D:1      | Reached XP level 2. HP: 11/24 MP: 2/2
   450 | D:1      | Gained mutation: You have a pair of small antennae on your
                  | head. [demonic ancestry]
   450 | D:1      | Reached XP level 3. HP: 23/29 MP: 3/3
   723 | D:1      | Reached ** piety under Trog
  1523 | D:2      | Found an ancient bone altar of Kikubaaqudgha.
  1624 | D:2      | Gained mutation: Your flesh is heat resistant. (rF+)
                  | [demonic ancestry]
  1624 | D:2      | Reached XP level 4. HP: 32/37 MP: 4/4
  1781 | D:2      | Found a shattered altar of Ashenzari.
  2423 | D:3      | Reached *** piety under Trog
  2570 | D:3      | Gained mutation: You are partially covered in icy blue
                  | scales. (AC +2) [demonic ancestry]
  2570 | D:3      | Reached XP level 5. HP: 42/42 MP: 5/5
  3080 | D:4      | Reached XP level 6. HP: 49/49 MP: 6/6
  3435 | D:4      | Identified the +2 ring mail of the Inquisitive Lies {rC+}
  3546 | D:4      | Noticed Blork the orc
  3554 | D:4      | Killed Blork the orc
  4078 | D:4      | Reached XP level 7. HP: 45/55 MP: 7/7
  4197 | D:5      | Entered Level 5 of the Dungeon
  4238 | D:5      | Reached **** piety under Trog
  4391 | D:5      | Reached skill level 5 in Fighting
  4711 | D:5      | Found a glowing silver altar of Zin.
  5120 | D:5      | Reached skill level 5 in Long Blades
  5705 | D:6      | Reached XP level 8. HP: 37/62 MP: 5/8
  5852 | D:6      | Found a runed translucent gate.
  5853 | D:6      | Found a runed translucent gate.
  5853 | D:6      | Noticed bmj180's ghost (novice MiFi)
  5856 | D:6      | Found a runed translucent gate.
  5869 | D:6      | Killed bmj180's ghost
  5869 | D:6      | Reached skill level 5 in Armour
  5976 | D:6      | Noticed Pikel
  5995 | D:6      | Killed Pikel
  5995 | D:6      | Reached skill level 1 in Stealth
  6209 | D:6      | Reached XP level 9. HP: 49/69 MP: 9/9
  6935 | D:6      | Found a runed translucent door.
  6936 | D:6      | Noticed Crazy Yiuf
  6944 | D:6      | Killed Crazy Yiuf
  7006 | D:7      | Found a staircase to the Ecumenical Temple.
  7680 | D:7      | Reached skill level 5 in Dodging
  7729 | D:7      | Received a gift from Trog
  8201 | D:8      | Reached skill level 1 in Shields
  9284 | D:8      | Found a stormy altar of Qazlal.
  9286 | D:8      | Found a shimmering altar of Xom.
  9291 | D:8      | Found a sparkling altar of Nemelex Xobeh.
  9336 | D:8      | Found a burning altar of Makhleb.
  9336 | D:8      | Noticed a cacodemon
  9844 | D:9      | Found a staircase to the Lair.
 10018 | D:9      | Gained mutation: You have a pair of antennae on your head.
                  | [demonic ancestry]
 10018 | D:9      | Reached XP level 10. HP: 60/77 MP: 10/10
 10507 | D:9      | Found a hazy altar of Hepliaklqana.
 10646 | D:9      | Noticed Psyche
 10655 | D:9      | Killed Psyche
 10763 | D:9      | Found an ornate altar of the Wu Jian Council.
 10817 | D:9      | Noticed Prince Ribbit
 10831 | D:9      | Killed Prince Ribbit
 11076 | D:10     | Entered Level 10 of the Dungeon
 11178 | D:10     | Found a staircase to the Orcish Mines.
 11191 | D:10     | Reached skill level 5 in Shields
 12102 | D:10     | Received a gift from Trog
 12317 | D:10     | Noticed a deep elf mage
 12339 | D:10     | Killed a deep elf mage
 12339 | D:10     | Reached ***** piety under Trog
 12705 | D:10     | Reached XP level 11. HP: 62/85 MP: 11/11
 12862 | D:10     | Noticed a queen ant
 13318 | D:10     | Killed a queen ant
 13661 | D:10     | Found a roughly hewn altar of Beogh.
 13820 | D:11     | Noticed Snorg
 13838 | D:11     | Killed Snorg
 14053 | Orc:1    | Entered Level 1 of the Orcish Mines
 14324 | Orc:1    | Found Esefuqe's Book Shop.
 14608 | Orc:2    | Entered Level 2 of the Orcish Mines
 14608 | Orc:2    | Found Rajar's Distillery.
 14611 | Orc:2    | Noticed a two-headed ogre
 14613 | Orc:2    | Noticed a two-headed ogre
 14613 | Orc:2    | Found a frozen archway.
 14613 | Orc:2    | Noticed a two-headed ogre
 14613 | Orc:2    | Noticed a two-headed ogre
 14614 | Orc:2    | Noticed an ogre mage
 14615 | Orc:2    | Noticed a two-headed ogre
 14620 | Orc:2    | Noticed a two-headed ogre
 14629 | Orc:2    | Killed a two-headed ogre
 14640 | Orc:1    | HP: 4/86 [two-headed ogre/+0 giant club (8)]
 14641 | Orc:1    | Mangled by a two-headed ogre

Skill      XL: |  1  2  3  4  5  6  7  8  9 10 11 |
---------------+----------------------------------+-----
Dodging        | 2 3 4 5 6 7 |  7.0
Armour         | 2 3 4 6 7 |  7.9
Long Blades    | 3 4 5 6 7 8 |  8.4
Fighting       | 4 5 6 7 8 |  8.0
Stealth        | 1 |  1.2
Shields        | 4 6 7 |  7.4
Staves         | |  0.2

Action                   |  1- 3 |  4- 6 |  7- 9 | 10-12 || total
-------------------------+-------+-------+-------+-------++-------
Melee: Falchion          |   102 |   269 |   484 |   743 ||  1598
       Quarterstaff      |       |       |    26 |       ||    26
Invok: Berserk           |     3 |     2 |    11 |    15 ||    31
       Brothers in Arms  |       |       |     2 |     4 ||     6
  Use: Scroll            |       |     7 |     4 |     1 ||    12
       Potion            |       |       |       |     2 ||     2
 Stab: Distracted        |       |       |     5 |       ||     5
       Invisible         |       |       |       |     1 ||     1
  Eat: Chunk             |     5 |     9 |    16 |    14 ||    44
       Ration            |       |       |     4 |     6 ||    10
Armor: Animal skin       |    16 |       |       |       ||    16
       Leather armour    |    13 |       |       |       ||    13
       Ring mail         |       |    81 |   235 |   166 ||   482
       Chain mail        |       |    29 |       |       ||    29
Dodge: Dodged            |    87 |   161 |   225 |   181 ||   654
Block: Large shield      |       |       |   242 |   583 ||   825
       Reflection        |       |       |       |     7 ||     7
       Rpst.: Falchion   |    32 |    45 |    67 |    43 ||   187
